 Dungeon Crawl Stone Soup version 0.31-a0-1-g4198be8af4 (webtiles) character file.

Game seed: 4678978164618039683

1288 qeuew the Destroyer (level 8, -6/58 HPs)
             Began as a Gnoll Wanderer on May 1, 2023.
             Was an Elder of Jiyva.
             Mangled by a hornet (14 damage)
             ... on level 6 of the Dungeon.
             The game lasted 00:05:33 (4610 turns).

qeuew the Destroyer (Gnoll Wanderer)                Turns: 4610, Time: 00:05:34

Health: -6/58      AC:  2    Str: 10    XL:     8   Next: 55%
Magic:  14/14      EV: 13    Int: 16    God:    Jiyva [****..]
Gold:   187        SH:  0    Dex: 11    Spells: 14/16 levels left

rFire   + . .        n - +3 quarterstaff (heavy)
rCold   . . .        (shield currently unavailable)
rNeg    . . .        c - +0 robe
rPois   .            (no helmet)
rElec   .            (no cloak)
rCorr   +            (no gloves)
SInv    .            d - +0 pair of boots
Will    .....        (no amulet)
Stlth   +++          g - ring of protection from fire
HPRegen 1.57/turn    (no ring)
MPRegen 0.54/turn

%: no passive effects
@: slowed, very slow
A: fangs 1, strong nose, distributed training, acidic bite, pseudopods 3
a: Renounce Religion, Oozemancy, Slimify


You were on level 6 of the Dungeon.
You worshipped Jiyva.
Jiyva was greatly pleased with you.
You visited 1 branch of the dungeon, and saw 6 of its levels.

You collected 187 gold pieces.

Inventory:

Hand Weapons
 n - a +3 heavy quarterstaff (weapon)
Armour
 c - a +0 robe (worn)
 d - a +0 pair of boots (worn)
Jewellery
 e - a ring of flight
 g - a ring of protection from fire (left hand)
Wands
 i - a wand of quicksilver (7)
Scrolls
 b - 2 scrolls of fear
 h - a scroll of butterflies
 l - a scroll of silence
Potions
 a - a potion of ambrosia
 k - 2 potions of curing


   Skills:
 + Level 3.5 Fighting
 + Level 3.5 Short Blades
 + Level 3.5 Long Blades
 + Level 3.5 Axes
 + Level 3.5 Maces & Flails
 + Level 3.5 Polearms
 + Level 3.5 Staves
 + Level 3.5 Ranged Weapons
 + Level 3.5 Throwing
 + Level 3.5 Armour
 + Level 4.4 Dodging
 + Level 5.5 Stealth
 + Level 3.5 Shields
 + Level 3.5 Unarmed Combat
 + Level 4.5 Spellcasting
 + Level 9.3 Conjurations
 + Level 2.9 Hexes
 + Level 2.9 Summonings
 + Level 2.9 Necromancy
 + Level 2.9 Translocations
 + Level 2.9 Transmutations
 + Level 3.6 Fire Magic
 + Level 2.9 Ice Magic
 + Level 2.9 Air Magic
 + Level 2.9 Earth Magic
 + Level 2.9 Poison Magic
 + Level 3.9 Invocations
 + Level 3.5 Evocations


You had 14 spell levels left.
You knew the following spells:

 Your Spells              Type           Power      Damage    Failure   Level
a - Foxfire               Conj/Fire      96%        2x1d8     1%          1
b - Shock                 Conj/Air       92%        1d8       1%          1

Your spell library contained the following spells:

 Spells                   Type           Power      Damage    Failure   Level
 Sticky Flame             Conj/Fire      24%        2d5       11%         4
 Volatile Blastmotes      Fire/Tloc      28%        2d12      12%         3


Dungeon Overview and Level Annotations

Branches:
Dungeon (6/15)             Temple (0/1) D:5

Altars:
Gozag
Kikubaaqudgha
Nemelex Xobeh
Vehumet
The Shining One
Jiyva


Innate Abilities, Weirdness & Mutations

You have very sharp teeth.
Your uncanny sense of smell can sniff out nearby items.
Your experience applies equally to all skills.
You have acidic saliva.
Armour fits poorly on your massive pseudopods.


Message History

The phantom barely misses you. The hornet barely misses you.
The phantom barely misses you.
You hit the phantom but do no damage. Your bite misses the phantom.
The phantom is heavily damaged.
The hornet barely misses you. The phantom barely misses you.
The hornet stings you.
You suddenly lose the ability to move!
The hornet stings you!
You shrug off the repeated paralysis!
The phantom barely misses you. The hornet stings you!
You feel yourself slow down.
You can move again.
Unknown command.
You barely miss the hornet.
You bludgeon the hornet, but do no damage.
You feel yourself speed up. The hornet closely misses you.
The phantom closely misses you. The hornet closely misses you.
The phantom hits you. The hornet stings you.
You feel yourself slow down. The phantom closely misses you.
Unknown command.
You closely miss the hornet.
You feel yourself speed up.
The hornet stings you but does no damage.
The hornet stings you.
You feel yourself slow down.
The phantom hits you but does no damage.
A white imp opens the door.
The hornet barely misses you. The phantom hits you.
A white imp comes into view.
The hornet closely misses you.
Found 7 stones.
The white imp shouts, "Away with thee, thou canting earth-vexing deadneck!"
You sock the hornet!
The hornet is heavily wounded.
You feel yourself speed up. The hornet barely misses you.
The hornet stings you!
You feel yourself slow down. The phantom barely misses you.
The hornet stings you!
* * * LOW HITPOINT WARNING * * *
You feel as though you will be slow longer.
The phantom hits you.
* * * LOW HITPOINT WARNING * * *
The hornet stings you!
You die...

+.#.......###
#####...###.##
+...'.#..#
#####.#'# ∆
#[..).#
+.))).#
#.....#
#.#####.#+#
#.'..y@.#
###..W###
#..... ∆
#'#..5 .. #...
. ##'# .( ..


You could see a hornet, a phantom and a white imp.

Vanquished Creatures
  2 black bears
  A centaur (D:3)
  2 phantoms (D:5)
  3 necrophages (D:4)
  A scorpion (D:4)
  A water moccasin zombie (D:4)
  A wight (D:4)
  A howler monkey (D:5)
  A human zombie (D:4)
  A gnoll bouda (D:5)
  A hound (D:5)
  Jessica (D:2)
  2 iguanas (D:5)
  An orc wizard (D:6)
  2 scorpion zombies (D:4)
  A hound zombie (D:4)
  3 mummies (D:4)
  Robin (D:2)
  5 adders
  3 gnolls (D:5)
  A white imp (D:5)
  5 dart slugs
  12 orcs
  6 bats
  4 endoplasms (D:1)
  2 giant cockroaches (D:1)
  10 goblins
  11 hobgoblins
  6 jackals (D:4)
  7 kobolds
  3 quokkas
  6 ball pythons
  5 frilled lizards (D:1)
  7 rats
119 creatures vanquished.

Vanquished Creatures (others)
  A scorpion (D:4)
  4 jellies
  3 adders
  An ufetubus (D:4)
  2 endoplasms (D:2)
  6 goblins
  A quokka (D:4)
  A ball python (D:3)
  A bat (D:3)
  4 kobolds
  63 foxfires
  39 plants (D:4)
126 creatures vanquished.

Grand Total: 245 creatures vanquished

Notes
Turn   | Place    | Note
-------+----------+-------------------------------------------
     0 | D:1      | qeuew the Gnoll Wanderer began the quest for the Orb.
     0 | D:1      | qeuew set off with the following items: a +0 club, a scroll
                  | of fear, a +0 robe, a +0 pair of boots; and the following
                  | spells available to memorise: Foxfire, Shock, Sticky Flame,
                  | Volatile Blastmotes.
     0 | D:1      | Reached XP level 1. HP: 13/13 MP: 4/4
   117 | D:1      | Learned a level 1 spell: Foxfire
   147 | D:1      | Reached XP level 2. HP: 19/19 MP: 3/5
   488 | D:1      | Found a faded altar of an unknown god.
   567 | D:1      | Reached XP level 3. HP: 22/25 MP: 1/7
   886 | D:1      | Reached skill level 1 in Invocations
  1501 | D:1      | Prayed at the altar of an unknown god.
  1501 | D:1      | Became a worshipper of Jiyva Jegorar the Shapeless
  1501 | D:1      | Reached * piety under Jiyva
  1525 | D:2      | Learned a level 1 spell: Shock
  1583 | D:2      | Noticed Robin
  1591 | D:2      | Reached skill level 1 in Fighting
  1591 | D:2      | Reached skill level 1 in Short Blades
  1591 | D:2      | Reached skill level 1 in Long Blades
  1591 | D:2      | Reached skill level 1 in Axes
  1591 | D:2      | Reached skill level 1 in Maces & Flails
  1591 | D:2      | Reached skill level 1 in Polearms
  1591 | D:2      | Reached skill level 1 in Staves
  1591 | D:2      | Reached skill level 1 in Ranged Weapons
  1591 | D:2      | Reached skill level 1 in Throwing
  1591 | D:2      | Reached skill level 1 in Armour
  1591 | D:2      | Reached skill level 1 in Shields
  1591 | D:2      | Reached skill level 1 in Unarmed Combat
  1591 | D:2      | Reached skill level 1 in Evocations
  1593 | D:2      | Killed Robin
  1596 | D:2      | Reached XP level 4. HP: 32/32 MP: 1/8
  1604 | D:2      | Noticed Jessica
  1609 | D:2      | Killed Jessica
  1610 | D:2      | Reached skill level 1 in Hexes
  1610 | D:2      | Reached skill level 1 in Summonings
  1610 | D:2      | Reached skill level 1 in Necromancy
  1610 | D:2      | Reached skill level 1 in Translocations
  1610 | D:2      | Reached skill level 1 in Transmutations
  1610 | D:2      | Reached skill level 1 in Ice Magic
  1610 | D:2      | Reached skill level 1 in Air Magic
  1610 | D:2      | Reached skill level 1 in Earth Magic
  1610 | D:2      | Reached skill level 1 in Poison Magic
  1709 | D:2      | Found a sparkling altar of Nemelex Xobeh.
  1795 | D:2      | Reached ** piety under Jiyva
  2115 | D:3      | Noticed a black bear
  2121 | D:3      | Killed a black bear
  2122 | D:3      | Reached XP level 5. HP: 20/38 MP: 9/9
  2322 | D:3      | Found a glowing golden altar of the Shining One.
  2332 | D:3      | Noticed a centaur
  2340 | D:3      | Killed a centaur
  2341 | D:3      | Reached XP level 6. HP: 36/44 MP: 9/11
  2367 | D:3      | Found a radiant altar of Vehumet.
  2545 | D:3      | Reached *** piety under Jiyva
  2736 | D:4      | Reached skill level 9 in Conjurations
  2763 | D:4      | Reached XP level 7. HP: 42/51 MP: 12/12
  2830 | D:4      | Found an ancient bone altar of Kikubaaqudgha.
  2872 | D:4      | Reached skill level 5 in Stealth
  3007 | D:4      | Gained mutation: Armour fits poorly on your pseudopods.
                  | [Jiyva's grace]
  3007 | D:4      | Gained mutation: Armour fits poorly on your large
                  | pseudopods. [Jiyva's grace]
  3007 | D:4      | Gained mutation: Armour fits poorly on your massive
                  | pseudopods. [Jiyva's grace]
  3007 | D:4      | Gained mutation: You have acidic saliva. [Jiyva's grace]
  3560 | D:5      | Entered Level 5 of the Dungeon
  3594 | D:5      | Reached **** piety under Jiyva
  3609 | D:5      | Reached XP level 8. HP: 46/58 MP: 14/14
  3872 | D:5      | Found a staircase to the Ecumenical Temple.
  4379 | D:5      | Found an opulent altar of Gozag.
  4380 | D:5      | Found a sparkling altar of Nemelex Xobeh.
  4603 | D:6      | Noticed a hornet
  4606 | D:6      | Paralysed by a hornet for 2 turns
  4610 | D:6      | Mangled by a hornet

Illustrated notes

Levels and vault maps discovered:
D:1:      amcnicky_arrival_flooded_fountain, layout_basic,
          hellmonk_ecumenical_altar_heavens_door, serial_co_window_serial,
          co_window_paths_b, co_window_corner_a, co_window_paths_b,
          co_window_paths_a, co_window_paths_a, co_window_unsneaky_path_d,
          co_window_corner_b, co_window_broadway_c, co_window_cross_4,
          co_window_4corner_b, co_window_4corner_a, glass_columns_b,
          glass_columns_a
D:2:      layout_rooms, basic_altar, hangedman_abyss_or_decor_stabs,
          minmay_small_reverse_x, uniq_jessica, uniq_robin
D:3:      layout_loops_ring, vehumet_altar_wand_db, general_overflow_altar,
          minmay_misc_feat_enclosed, kennysheep_generic_room_7
D:4:      layout_loops_ring, lemuel_mausoleum_altar_kikubaaqudgha,
          grunt_decor_mini_mirrors, serial_bayou_lagoon_b
D:5:      layout_basic, grunt_temple_overflow_opulence,
          minmay_temple_entry_trees, kennysheep_nub, minmay_misc_feat_rows
D:6:      nicolae_cairo_tiling_large, layout_rooms, uniq_grinder, uniq_edmund

Skill      XL: |  1  2  3  4  5  6  7 |
---------------+----------------------+-----
Fire Magic     | 2 3 |  3.6
Invocations    | 1 2 3 |  3.9
Fighting       | 1 2 3 |  3.5
Short Blades   | 1 2 3 |  3.5
Long Blades    | 1 2 3 |  3.5
Axes           | 1 2 3 |  3.5
Maces & Flails | 1 2 3 |  3.5
Polearms       | 1 2 3 |  3.5
Staves         | 1 2 3 |  3.5
Ranged Weapons | 1 2 3 |  3.5
Throwing       | 1 2 3 |  3.5
Armour         | 1 2 3 |  3.5
Shields        | 1 2 3 |  3.5
Unarmed Combat | 1 2 3 |  3.5
Evocations     | 1 2 3 |  3.5
Spellcasting   | 3 4 |  4.5
Hexes          | 1 2 |  2.9
Summonings     | 1 2 |  2.9
Necromancy     | 1 2 |  2.9
Translocations | 1 2 |  2.9
Transmutations | 1 2 |  2.9
Ice Magic      | 1 2 |  2.9
Air Magic      | 1 2 |  2.9
Earth Magic    | 1 2 |  2.9
Poison Magic   | 1 2 |  2.9
Dodging        | 3 4 |  4.4
Conjurations   | 9 |  9.3
Stealth        | 5 |  5.5

Action                     |  1- 3 |  4- 6 |  7- 9 || total
---------------------------+-------+-------+-------++-------
  Melee: Club              |    84 |       |       ||    84
         Bite              |     4 |     6 |    10 ||    20
         Quarterstaff      |     1 |    89 |   108 ||   198
         Punch             |     1 |       |       ||     1
         Pseudopods        |       |       |     8 ||     8
   Cast: Foxfire           |    34 |       |     2 ||    36
         Shock             |     9 |    24 |    26 ||    59
    Use: Scroll            |       |     8 |     4 ||    12
         Potion            |       |     2 |     2 ||     4
   Stab: Sleeping          |     5 |     7 |     6 ||    18
 Armour: Robe              |    18 |    39 |    22 ||    79
  Dodge: Dodged            |    80 |    95 |   119 ||   294

Table legend: (Time is in decaauts)
 A = Elapsed time spent in this place.
 B = Non-inter-level travel time spent in this place.
 C = Inter-level travel time spent in this place.
 D = Time resting spent in this place.
 E = Time spent auto-exploring this place.
 F = Levels seen in this place.
 G = Mean time per level.
                   A        B        C        D        E       F      G
               +--------+--------+--------+--------+--------+-----+--------+
         Total |   4820 |   4632 |    188 |     41 |   3580 |   6 |  803.3 |
       Dungeon |   4820 |   4632 |    188 |     41 |   3580 |   6 |  803.3 |
               +--------+--------+--------+--------+--------+-----+--------+

Top non-repeatable levels by time:
     D:1: 1534 daAuts
     D:4: 1045 daAuts
     D:5: 972 daAuts
     D:2: 594 daAuts
     D:3: 558 daAuts
     D:6: 114 daAuts
